 Dungeon Crawl Stone Soup version 0.30.0-19-g36f170ea60 (webtiles) character file.

Game seed: 592653244461375910

1038746 joshe the Infernalist (level 27, -26/136 HPs)
             Began as a Deep Elf Conjurer on May 24, 2023.
             Was a High Priest of Hepliaklqana.
             Killed by a reflected crystal spear
             ... reflected by a demonspawn warmonger
             ... in Pandemonium on May 30, 2023.
             The game lasted 13:39:53 (89855 turns).

joshe the Infernalist (Deep Elf Conjurer)          Turns: 89855, Time: 13:39:53

Health: -26/136    AC: 24    Str:  4    XL:     27
Magic:  0/65       EV: 30    Int: 47    God:    Hepliaklqana [*****.]
Gold:   8777       SH:  0    Dex: 21    Spells: 4/80 levels left

rFire   + + .        g - +3 Elemental Staff {rElec rF+ rC+ AC+3}
rCold   + + .        E - sphere of Battle
rNeg    + . .        e - +4 moon troll leather armour {Spirit, Regen++ MP+5}
rPois   .            b - +3 hat of Pondering {ponderous, Will+ MP+10 Int+5}
rElec   +            T - +2 cloak {Stlth+}
rCorr   +            O - +2 pair of gloves {Dex+3}
SInv    .            r - +0 pair of boots "Keut" {Int+6}
Will    +++..        v - amulet of Vitality {RegenMP++ Regen++}
Stlth   +++++++      N - ring "Muykh" {rF+ rCorr}
HPRegen 3.62/turn    K - ring "Jarodaury" {rC+ rN+ rCorr Dex+3 Stlth+}
MPRegen 1.19/turn

%: guardian spirit
@: lethally poisoned (-26 -> -26), studying 2 skills, slow
A: reduced essence, low MP 1
}: 8/15 runes: serpentine, barnacled, slimy, silver, iron, obsidian, icy, bone
a: Renounce Religion, Recall Ancestor, Ancestor Identity, Transference, Idealise


You were in Pandemonium.
You worshipped Hepliaklqana.
Hepliaklqana was extremely pleased with you.
You visited 17 branches of the dungeon, and saw 85 of its levels.
You visited Pandemonium 1 time, and saw 1 of its levels.
You visited 1 bazaar.
You also visited: Sewer, Ice Cave and Volcano.

You collected 15312 gold pieces.
You spent 6535 gold pieces at shops.

Inventory:

Hand Weapons
 g - the +3 Elemental Staff (weapon) {rElec rF+ rC+ AC+3}
   (You acquired it on level 3 of the Vaults)

   It enhances your fire, ice, earth and air magic.
   AC:        It affects your AC (+3).
   rF:        It protects you from fire.
   rC:        It protects you from cold.
   rElec:     It insulates you from electricity.
 h - the +7 lajatang of Order {silver, rMut}
   (You found it on level 5 of the Lair of Beasts)

   rMut:      It protects you from mutation.
Armour
 b - the +3 hat of Pondering (worn) {ponderous, Will+ MP+10 Int+5}
   (You took it off Gastronok on level 2 of the Lair of Beasts)

   Int:       It affects your intelligence (+5).
   MP:        It affects your magic capacity (+10).
   Will:      It increases your willpower.
 e - the +4 moon troll leather armour (worn) {Spirit, Regen++ MP+5}
   (You found it on level 7 of Tartarus)

   MP:        It affects your magic capacity (+5).
   Regen:     It increases your rate of health regeneration.
 r - the +0 pair of boots "Keut" (worn) {Int+6}
   (You found it on level 7 of Tartarus)

   Int:       It affects your intelligence (+6).
 s - the +3 warlock's mirror {omnireflect}
   (You bought it in a shop on level 3 of the Dungeon)

   Omnireflect: It can block and reflect piercing ranged attacks and magical
   attacks against the wielder's willpower.
 E - the sphere of Battle (worn)
   (You took it off a deep elf demonologist on level 3 of the Elven Halls)

   It enhances your destructive magic.
   It weakens your non-destructive magic.
   It summons a battlesphere in combat, with strength depending on Conjurations
   skill.
 O - a +2 pair of gloves of dexterity (worn)
 T - a +2 cloak of stealth (worn)
Magical Staves
 S - the staff of cold "Dagemmom" {rC+ rN++}
   (You found it on level 2 of the Depths)

   [staff of cold]

   Base accuracy: +5 Base damage: 5 Base attack delay: 1.2 This weapon's minimum
   attack delay (0.6) is reached at skill level 12.
   rC:        It protects you from cold.
   rN:        It greatly protects you from negative energy.
   It falls into the 'Staves' category.
   It is a one-handed weapon.
 V - the staff of death "Luefinn" {rN+ Dex+2 SInv}
   (You found it on level 3 of the Elven Halls)

   [staff of death]

   Base accuracy: +5 Base damage: 5 Base attack delay: 1.2 This weapon's minimum
   attack delay (0.6) is reached at skill level 12.
   Dex:       It affects your dexterity (+2).
   rN:        It protects you from negative energy.
   SInv:      It lets you see invisible.
   It falls into the 'Staves' category.
   It is a one-handed weapon.
Jewellery
 q - the ring "Konamp" {MP+9 Int+5}
   (You bought it in a shop on level 3 of the Shoals)

   [ring of magical power]

   Int:       It affects your intelligence (+5).
   MP:        It affects your magic capacity (+9).
 v - the amulet of Vitality (around neck) {RegenMP++ Regen++}
   (You found it on level 3 of the Crypt)

   [amulet of magic regeneration]

   It increases your rate of magic regeneration.
   Regen:     It increases your rate of health regeneration.
 F - the ring "Rykerief" {rPois rN+ rCorr}
   (You found it on level 3 of the Crypt)

   [ring of positive energy]

   rPois:     It protects you from poison.
   rN:        It protects you from negative energy.
   rCorr:     It protects you from acid and corrosion.
 J - the ring "Wasmuame" {rElec rN+ Will+}
   (You found it on level 5 of the Pits of Slime)

   [ring of positive energy]

   rElec:     It insulates you from electricity.
   rN:        It protects you from negative energy.
   Will:      It increases your willpower.
 K - the ring "Jarodaury" (right hand) {rC+ rN+ rCorr Dex+3 Stlth+}
   (You found it on level 3 of the Crypt)

   [ring of positive energy]

   Dex:       It affects your dexterity (+3).
   rC:        It protects you from cold.
   rN:        It protects you from negative energy.
   rCorr:     It protects you from acid and corrosion.
   Stlth:     It makes you more stealthy.
 N - the ring "Muykh" (left hand) {rF+ rCorr}
   (You found it on level 7 of Tartarus)

   [ring of protection from fire]

   rF:        It protects you from fire.
   rCorr:     It protects you from acid and corrosion.
Wands
 p - a wand of charming (18)
 u - a wand of polymorph (6)
 L - a wand of mindburst (56)
 M - a wand of iceblast (80)
 X - a wand of quicksilver (51)
 Z - a wand of digging (18)
Scrolls
 c - 2 scrolls of blinking
 d - 29 scrolls of teleportation
 f - 8 scrolls of magic mapping
 w - 3 scrolls of fog
 I - 5 scrolls of butterflies
 Q - 5 scrolls of fear
 R - 2 scrolls of amnesia
 W - 12 scrolls of immolation
Potions
 a - 13 potions of lignification
 j - 10 potions of flight
 k - a potion of magic
 n - 2 potions of haste
 x - 32 potions of curing
 z - 14 potions of mutation
 A - 2 potions of resistance
 B - 8 potions of heal wounds
 C - 2 potions of brilliance
 D - 6 potions of invisibility
 H - 7 potions of cancellation
Miscellaneous
 G - a phantom mirror


   Skills:
 - Level 10.0 Fighting
 - Level 12.0 Armour
 O Level 27 Dodging
 - Level 10.0 Stealth
 - Level 12.0 Shields
 O Level 27 Spellcasting
 O Level 27 Conjurations
 - Level 12.0 Hexes
 - Level 19.0 Summonings
 - Level 15.0 Necromancy
 - Level 4.0 Translocations
 - Level 10.0 Transmutations
 O Level 27 Fire Magic
 - Level 5.0 Ice Magic
 - Level 5.0 Air Magic
 - Level 22.0 Earth Magic
 - Level 2.0 Poison Magic
 - Level 20.0 Invocations
 + Level 16.5 Evocations


You had 4 spell levels left.
You knew the following spells:

 Your Spells              Type           Power      Damage    Failure   Level
a - Magic Dart            Conj           100%       1d8       0%          1
b - Freezing Cloud        Conj/Ice/Air   92%        6-21      1%          5
c - Fulminant Prism       Conj/Hex       76%        3d31      0%          4
d - Iskenderun's Mystic   Conj/Tloc      100%       2d19      0%          4
e - Iron Shot             Conj/Erth      95%        9d17      0%          6
f - Fireball              Conj/Fire      98%        3d36      0%          5
h - Statue Form           Tmut/Erth      79%        N/A       1%          6
i - Spellforged Servitor  Conj/Summ      80%        N/A       1%          7
j - Ignition              Fire           98%        3d25      1%          8
k - Lehudib's Crystal Sp  Conj/Erth      95%        10d21     1%          8
l - Lee's Rapid Deconstr  Erth           92%        3d41*     0%          5
m - Plasma Beam           Fire/Air       98%        2x1d129   1%          6
n - Fire Storm            Conj/Fire      98%        8d25      1%          9
o - Sublimation of Blood  Necr           80%        N/A       0%          2

Your spell library contained the following spells:

 Spells                   Type           Power      Damage    Failure   Level
 Beastly Appendage        Tmut           100%       N/A       0%          1
 Foxfire                  Conj/Fire      100%       2x1d9     0%          1
 Kiss of Death            Conj/Necr      100%       2d13      0%          1
 Necrotise                Necr           100%       1d9       0%          1
 Shock                    Conj/Air       100%       1d9       0%          1
 Slow                     Hex            100%       N/A       0%          1
 Summon Small Mammal      Summ           100%       N/A       0%          1
 Ensorcelled Hibernation  Hex/Ice        100%       N/A       0%          2
 Momentum Strike          Conj/Tloc      100%       3d10      0%          2
 Passwall                 Tmut/Erth      99%        N/A       0%          2
 Scorch                   Fire           100%       2d9       0%          2
 Searing Ray              Conj           100%       2d8       0%          2
 Wereblood                Tmut           68%        N/A       0%          2
 Call Canine Familiar     Summ           88%        N/A       0%          3
 Confusing Touch          Hex            73%        N/A       0%          3
 Dazzling Flash           Conj/Hex       100%       N/A       0%          3
 Ignite Poison            Fire/Tmut/Pois 100%       N/A       0%          3
 Inner Flame              Hex/Fire       100%       N/A       0%          3
 Mephitic Cloud           Conj/Pois/Air  100%       N/A       0%          3
 Stone Arrow              Conj/Erth      100%       3d13      0%          3
 Summon Guardian Golem    Hex/Summ       81%        N/A       0%          3
 Tukima's Dance           Hex            73%        N/A       0%          3
 Vampiric Draining        Necr           80%        2d11      0%          3
 Anguish                  Hex/Necr       38%        N/A       0%          4
 Animate Armour           Summ/Erth      100%       N/A       0%          4
 Animate Dead             Necr           80%        N/A       0%          4
 Dispel Undead            Necr           80%        3d26      0%          4
 Flame Wave               Conj/Fire      100%       2d21      0%          4
 Leda's Liquefaction      Hex/Erth       61%        N/A       0%          4
 Petrify                  Tmut/Erth      100%       N/A       0%          4
 Sticky Flame             Conj/Fire      100%       2d11      0%          4
 Apportation              Tloc           100%       N/A       1%          1
 Sting                    Tmut/Pois      100%       1d8       1%          1
 Cigotuvi's Dreadful Rot  Necr/Pois/Air  100%       N/A       1%          2
 Lesser Beckoning         Tloc           100%       N/A       1%          2
 Poisonous Vapours        Pois/Air       100%       N/A       1%          2
 Frozen Ramparts          Ice            100%       1d16      1%          3
 Gell's Gravitas          Tloc           50%        N/A       1%          3
 Ozocubu's Armour         Ice            84%        N/A       1%          3
 Portal Projectile        Hex/Tloc       100%       N/A       1%          3
 Spider Form              Tmut/Pois      56%        N/A       1%          3
 Swiftness                Air            84%        N/A       1%          3
 Teleport Other           Tloc           50%        N/A       1%          3
 Airstrike                Air            64%        2d(10-26) 1%          4
 Cause Fear               Hex            36%        N/A       1%          4
 Ice Form                 Ice/Tmut       93%        N/A       1%          4
 Olgreb's Toxic Radiance  Pois           89%        N/A       1%          4
 Passage of Golubria      Tloc           50%        N/A       1%          4
 Summon Ice Beast         Ice/Summ       100%       N/A       1%          4
 Summon Lightning Spire   Summ/Air       100%       N/A       1%          4
 Agony                    Necr           80%        N/A       0%          5
 Arcjolt                  Conj/Air       85%        1d95      0%          5
 Borgnjor's Vile Clutch   Necr/Erth      63%        N/A       0%          5
 Iskenderun's Battlesphe  Conj           100%       2d15      0%          5
 Summon Mana Viper        Hex/Summ       81%        N/A       0%          5
 Starburst                Conj/Fire      98%        6d24      0%          6
 Orb of Destruction       Conj           84%        9d19      0%          7
 Alistair's Intoxication  Tmut/Pois      37%        N/A       1%          5
 Blade Hands              Tmut           34%        N/A       1%          5
 Metabolic Englaciation   Hex/Ice        48%        N/A       1%          5
 Silence                  Hex/Air        48%        N/A       1%          5
 Summon Forest            Summ/Tloc      36%        N/A       1%          5
 Yara's Violent Unravell  Hex/Tmut       64%        3d24      1%          5
 Conjure Ball Lightning   Conj/Air       85%        3x3d32    1%          6
 Death Channel            Necr           40%        N/A       1%          6
 Simulacrum               Ice/Necr       51%        N/A       1%          6
 Summon Cactus Giant      Summ           44%        N/A       1%          6
 Enfeeble                 Hex            36%        N/A       1%          7
 Haunt                    Necr/Summ      42%        N/A       1%          7
 Summon Hydra             Summ           44%        N/A       1%          7
 Eringya's Noxious Bog    Tmut/Pois      55%        N/A       3%          6
 Dragon Form              Tmut           34%        N/A       4%          7
 Borgnjor's Revivificati  Necr           40%        N/A       4%          8
 Infestation              Necr           40%        N/A       4%          8
 Dispersal                Tloc           25%        N/A       9%          6
 Storm Form               Tmut/Air       46%        N/A       11%         7
 Necromutation            Tmut/Necr      37%        N/A       11%         8
 Dragon's Call            Summ           44%        N/A       12%         9
 Discord                  Hex            36%        N/A       14%         8
 Ozocubu's Refrigeration  Ice            64%        4d21      30%         7
 Chain Lightning          Conj/Air       85%        3d113     38%         9
 Death's Door             Necr           40%        N/A       52%         9
 Maxwell's Capacitive Co  Air            64%        ∞         94%         8
 Disjunction              Tloc           25%        N/A       98%         8


Dungeon Overview and Level Annotations

Branches:
Dungeon (15/15)            Temple (1/1) D:4            Lair (5/5) D:11
 Shoals (4/4) Lair:2        Snake (4/4) Lair:3        Slime (5/5) Lair:5
    Orc (2/2) D:12            Elf (3/3) Orc:2        Vaults (5/5) D:14
  Crypt (3/3) Vaults:3       Tomb (0/3) Crypt:3      Depths (4/4) D:15
   Hell (visited)             Dis (7/7) Hell            Geh (7/7) Hell
    Coc (7/7) Hell            Tar (7/7) Hell            Zot (5/5) Depths:4
  Sewer (visited)           IceCv (visited)         Volcano (visited)

Altars:
Ashenzari
Cheibriados
Dithmenos
Elyvilon
Fedhas
Gozag
Hepliaklqana
Kikubaaqudgha
Makhleb
Nemelex Xobeh
Okawaru
Qazlal
Ru
Sif Muna
Trog
Uskayaw
Vehumet
Wu Jian
Xom
Yredelemnul
Zin
The Shining One
Jiyva
Lugonu

Shops:
D:3 [==:[   D:4 :   D:5 *   D:13 [   Orc:2 =*(?   Elf:3 =   Shoals:2 *
Shoals:3 =   Vaults:3 =   Depths:3 ([?:

Portals:
Hell: Depths:1 Depths:2 Depths:3 Depths:4
Abyss: Depths:1 Depths:3 Depths:4
Pandemonium: Orc:2 Depths:2
Ziggurat: Depths:4

Annotations:
D:10 4 runed translucent doors


Innate Abilities, Weirdness & Mutations

Your life essence is reduced to manifest your ancestor. (-10% HP)
Your magical capacity is low. (-10% MP)


Message History

Confirm with . or Enter, or press ? or * to list all spells.
Aiming: Lehudib's Crystal Spear (mildly dangerous; 1% risk of failure)
Press: ? - help, Shift-Dir - straight line, f - Executioner
Aim: an Executioner (wandering, hasn't noticed you, 78% to hit)
You feel a strong surge of power!
The crystal spear hits the Executioner!!!!
You kill the Executioner!
The demonspawn warmonger shouts!
The demonspawn black sun shouts!
The demonspawn black sun calls down the wrath of Kikubaaqudgha upon you.
The bolt of negative energy hits your battlesphere.
Your battlesphere completely resists.
The bolt of negative energy misses you.
The demonspawn warmonger hits you from afar with a +1 demon trident of venom.
You are poisoned.
Khalidah gestures wildly while chanting.
Khalidah seems to speed up.
Casting: Lehudib's Crystal Spear (mildly dangerous; 1% risk of failure)
Confirm with . or Enter, or press ? or * to list all spells.
Aiming: Lehudib's Crystal Spear (mildly dangerous; 1% risk of failure)
Press: ? - help, Shift-Dir - straight line, f - demonspawn warmonger
Aim: a demonspawn warmonger, wielding a +1 demon trident of venom, wearing a +0 plate armour of fire resistance and wearing a +2 tower shield of reflection (reflecting blocked projectiles, 92% to hit)
You feel a strong surge of power!
The demonspawn warmonger blocks the crystal spear with its +2 tower shield of reflection... and reflects it back!
The crystal spear hits you!!!!
Ouch! That really hurt!
You feel very sick.
Your battlesphere fires!
The barrage of energy hits the demonspawn warmonger!
The demonspawn warmonger is lightly wounded.
The demonspawn warmonger barely misses you.
Casting: Lehudib's Crystal Spear (mildly dangerous; 1% risk of failure)
Confirm with . or Enter, or press ? or * to list all spells.
Aiming: Lehudib's Crystal Spear (mildly dangerous; 1% risk of failure)
Press: ? - help, Shift-Dir - straight line, f/p - demonspawn warmonger
Aim: a demonspawn warmonger, wielding a +1 demon trident of venom, wearing a +0 plate armour of fire resistance and wearing a +2 tower shield of reflection (lightly wounded, ally target, reflecting blocked projectiles, 92% to hit)
You feel a strong surge of power!
The demonspawn warmonger blocks the crystal spear with its +2 tower shield of reflection... and reflects it back!
The crystal spear hits you!!!!
Ouch! That really hurt!
You die...

#########
#.......#
#.......+
#....6..#
#.......#
#...6R.@#
#.....*.#
#.....$.#
####+####


You could see the friendly Khalidah the knight (fast, reflecting), a demonspawn
warmonger (ally target, reflecting), a demonspawn black sun (ally target) and a
friendly battlesphere.

Vanquished Creatures
  Asmodeus (Geh:7)
  Ereshkigal (Tar:7)
  the Royal Jelly (Slime:5)
  the Serpent of Hell (Geh:7)
  7 dread liches
  11 ancient liches
  The ghost of Jiorhin the Wrestler, a legendary TrBe of Trog (Zot:1)
  Mennas (Vaults:5)
  The ghost of Beclu the Imperceptible, a legendary GnSk of Dithmenos (Zot:1)
  5 orbs of fire
  5 juggernauts
  The ghost of Adanaf the Conqueror, a master MiBe of Trog (Zot:1)
  The ghost of Flapstick the Slayer, a legendary HaBe of Trog (Zot:1)
  Vv (Zot:4)
  The ghost of ShutUppercut the Conqueror, a legendary DsGl of Qazlal (Zot:1)
  The ghost of Icycared the Slayer, a master GrFi of Okawaru (Zot:1)
  6 shard shrikes
  The ghost of Alunk the Bludgeoner, a legendary GnFi of Cheibriados (Zot:1)
  The ghost of garrulousMonolith the Whirler, a veteran GnFi of Cheibriados (Vaults:3)
  3 Killer Klowns
  Saint Roka (Vaults:4)
  Frederick (Vaults:5)
  3 curse toes
  Geryon (Hell)
  37 caustic shrikes
  10 golden dragons
  18 bone dragons
  A pearl dragon (Depths:1)
  4 profane servitors
  An electric golem (Zot:5)
  4 doom hounds
  An iron giant (Dis:7)
  2 spectral shard shrikes
  9 Brimstone Fiends
  13 Tzitzimimeh
  9 hellephants
  28 Ice Fiends
  20 Orb Guardians (Zot:5)
  9 Hell Sentinels
  12 titans
  2 walking crystal tomes
  A shard shrike skeleton (Crypt:3)
  13 tentacled monstrosities
  15 tainted leviathans
  2 deep elf blademasters (Elf:3)
  5 liches
  A walking divine tome (Depths:2)
  A deep elf master archer (Elf:3)
  10 quicksilver dragons
  14 searing wretches
  11 acid blobs
  A walking frostbound tome (Depths:2)
  3 krakens
  10 sphinxes
  Polyphemus (Shoals:2)
  8 death cobs
  Gastronok (Lair:2)
  An Executioner (Pan)
  The ghost of gdog the Covert, an adept GnDe of Gozag (Snake:2)
  25 ancient champions
  Kirke (D:13)
  Roxanne (Shoals:4)
  11 shadow dragons
  2 thorn hunters (Snake:1)
  6 storm dragons
  4 draconian monks
  The ghost of greynaab the Peltast, an adept AtEE of Vehumet (Snake:1)
  2 revenants (Crypt:3)
  11 azure jellies
  5 tengu reavers
  Ilsuiw (Shoals:2)
  16 rockslimes
  11 balrugs
  12 iron dragons
  4 deep elf sorcerers
  3 narguns
  15 frost giants
  7 draconian knights
  2 nagarajas
  10 vault wardens
  Aizul (Snake:2)
  9 quicksilver elementals
  5 ghost moths
  13 fire giants
  3 orc warlords
  4 draconian stormcallers
  6 draconian shifters
  7 shard shrike simulacra
  Louise (Depths:1)
  7 draconian annihilators
  19 very ugly things
  4 deep elf elementalists
  An ophan (Depths:1)
  A cacodemon (Dis:2)
  6 quicksilver oozes
  10 reapers
  39 war gargoyles
  3 caustic shrike skeletons (Crypt:3)
  9 ironbound preservers
  9 stone giants
  2 spriggan defenders
  3 ironbound thunderhulks
  8 green draconians
  8 vampire knights
  An apis (Depths:1)
  21 elemental wellsprings
  A spectral titan (Tar:3)
  10 deep elf demonologists
  9 deep elf annihilators (Elf:3)
  8 putrid mouths
  15 black draconians
  12 dire elephants
  10 white draconians
  6 wendigos
  13 spark wasps
  6 red draconians
  10 deep elf death magi
  9 purple draconians
  7 yellow draconians
  8 eidola
  10 iron golems
  2 blizzard demons (Hell)
  A spectral iron giant (Tar:5)
  2 spectral quicksilver dragons
  8 ettins
  5 merfolk javelineers
  7 merfolk impalers
  2 entropy weavers
  4 jiangshi
  2 spectral spriggans (Tar:4)
  Harold (Lair:2)
  5 deep elf high priests
  8 fire dragons
  A fire dragon (shapeshifter) (Vaults:5)
  4 great orbs of eyes
  30 vault guards
  3 rakshasas
  10 salamander tyrants
  A quicksilver dragon skeleton (Tar:7)
  13 hydras
  13 yaktaur captains
  3 spriggan zombies
  13 ice dragons
  2 peacekeepers
  4 catoblepae
  A demonspawn (Orc:2)
  2 spriggan air magi
  2 hell beasts (Dis:2)
  4 merfolk aquamancers
  2 ironbound frosthearts
  4 merfolk avatars
  8 caustic shrike simulacra
  8 spriggan skeletons
  A spectral stone giant (Tar:2)
  7 stokers
  4 ogre magi (Vaults:5)
  8 boulder beetles
  2 death knights
  2 deep troll shamans (Depths:2)
  14 two-headed ogres
  20 dancing weapons
  3 alligator snapping turtles
  A satyr (Shoals:4)
  A satyr (shapeshifter) (Vaults:5)
  4 juggernaut simulacra
  An anaconda (Snake:2)
  2 fenstrider witch skeletons (Crypt:3)
  23 death yaks
  A bennu skeleton (Crypt:1)
  4 vampire magi
  4 deep troll earth magi
  4 orc high priests (Orc:2)
  11 tengu warriors
  15 hell hogs
  A naga warrior (Snake:2)
  4 centaur warriors
  4 spriggan berserkers
  6 hell knights
  9 naga sharpshooters
  A skyshark (shapeshifter) (Elf:2)
  2 sun demons (Hell)
  A shock serpent (shapeshifter) (Vaults:5)
  16 deep elf knights
  8 soul eaters
  5 shock serpents
  26 shadow wraiths
  11 crystal echidnas
  4 iron trolls
  A spectral bunyip (Tar:1)
  2 salamander mystics (Snake:4)
  42 skeletal warriors
  The ghost of Esekla the Trooper, a novice FoRe of Sif Muna (D:9)
  9 sea snakes
  A bunyip zombie (Crypt:3)
  A storm dragon skeleton (Crypt:2)
  3 goliath frogs
  A glowing orange brain (Depths:4)
  Lodul (D:13)
  2 orange crystal statues
  3 quicksilver dragon simulacra
  41 deep trolls
  A shadow demon (Dis:2)
  3 bog bodies (Coc:2)
  3 flayed ghosts
  9 spriggan simulacra
  14 deep elf archers
  A lindwurm (shapeshifter) (Elf:3)
  2 iron giant skeletons (Crypt:3)
  2 naga ritualists
  8 wizards
  16 phantasmal warriors
  An obsidian statue (Zot:5)
  9 ironbound convokers
  2 anaconda skeletons
  A mana viper (shapeshifter) (Depths:4)
  A steelbarb worm (shapeshifter) (Depths:3)
  10 necromancers
  11 orc knights
  A shining eye (shapeshifter) (Depths:2)
  28 deep elf pyromancers
  12 harpies
  A wolf spider (D:15)
  A mana viper (Snake:3)
  7 fauns (Shoals:3)
  32 deep elf zephyrmancers
  8 orc sorcerers
  A glowing shapeshifter (Vaults:5)
  26 ugly things
  A cyclops (D:11)
  21 manticores
  A spectral ettin (Tar:1)
  2 stone giant skeletons (Crypt:3)
  22 moths of wrath
  11 shining eyes
  A dire elephant zombie (Tar:7)
  8 elephants
  2 iron dragon skeletons
  A salamander (shapeshifter) (Depths:3)
  19 vault sentinels
  11 merfolk sirens
  A demonic crawler (Hell)
  17 black mambas
  5 gargoyles
  An ice statue (IceCv)
  2 eyes of devastation
  7 rust devils
  12 molten gargoyles
  2 titan simulacra
  2 guardian serpents
  3 water nymphs
  An emperor scorpion simulacrum (Coc:1)
  7 smoke demons
  10 naga magi (Snake:4)
  18 cane toads
  3 orange demons (Crypt:3)
  A naga skeleton (Tar:7)
  A torpor snail (Lair:1)
  The ghost of Twinkles the Trooper, a novice DjHs (D:4)
  6 rime drakes
  2 dire elephant skeletons (Crypt:3)
  14 hellions
  A human zombie (Vaults:3)
  A centaur skeleton (Crypt:3)
  22 yaktaurs
  14 freezing wraiths
  An unseen horror (D:11)
  A sea snake zombie (Hell)
  4 kobold demonologists (D:11)
  11 tormentors
  9 komodo dragons
  14 ice devils
  A catoblepas skeleton (Crypt:2)
  4 red devils
  6 anaconda simulacra
  3 spectral harpies
  2 tengu conjurers (Depths:1)
  A spectral naga (Tar:3)
  5 polar bears
  2 silent spectres
  2 hydra zombies
  A golden dragon simulacrum (Coc:7)
  An iron giant simulacrum (Coc:4)
  21 merfolk
  A queen bee (Lair:3)
  16 trolls
  4 meliai
  2 harpy zombies
  9 wind drakes
  2 hornets (Depths:4)
  A hydra skeleton (Hell)
  A sea snake skeleton (Hell)
  An alligator zombie (Hell)
  4 harpy skeletons (Crypt:3)
  3 nameless horrors
  An iron dragon simulacrum (Coc:1)
  47 blink frogs
  11 snapping turtles
  3 stone giant simulacra
  A dream sheep (Lair:5)
  A slime creature (shapeshifter) (Vaults:5)
  79 slime creatures
  A culicivora (shapeshifter) (D:15)
  3 ettin zombies
  An ettin skeleton (Crypt:3)
  An alligator skeleton (Hell)
  An air elemental (Elf:2)
  An ice dragon zombie (Crypt:1)
  4 vampires
  2 shadows
  7 flying skulls (Crypt:3)
  2 spriggans (Depths:4)
  12 wraiths
  9 wyverns
  8 dire elephant simulacra
  6 basilisks
  A chaos spawn (Orc:2)
  8 water elementals
  50 yaks
  10 golden eyes
  An elf zombie (Vaults:3)
  3 steam dragons
  A steam dragon (shapeshifter) (D:15)
  3 black mamba skeletons
  3 death yak simulacra (IceCv)
  13 harpy simulacra
  8 redbacks
  Edmund (D:4)
  3 vampire mosquitoes
  2 wargs
  15 nagas
  3 swamp worms (Snake:1)
  3 acid dragons (D:11)
  2 hell hounds (Volcano)
  An ogre zombie (Vaults:3)
  7 hydra simulacra
  16 water moccasins
  A floating eye (Slime:2)
  A merfolk skeleton (Crypt:3)
  32 orc warriors
  An alligator simulacrum (Hell)
  A sky beast (D:8)
  A swamp drake (Snake:1)
  5 ice beasts
  12 ogres
  A black bear (D:3)
  5 ettin simulacra
  2 wolves (Lair:5)
  8 boggarts
  A snapping turtle skeleton (Crypt:1)
  3 phantoms
  12 centaurs
  A fire crab zombie (Crypt:3)
  6 kobold brigands
  16 bullfrogs
  A two-headed ogre simulacrum (IceCv)
  A yaktaur skeleton (Crypt:2)
  A cane toad simulacrum (IceCv)
  2 gnoll sergeants
  3 scorpions
  11 wights
  A shapeshifter zombie (Crypt:3)
  A yak zombie (Crypt:1)
  A swamp dragon simulacrum (Coc:1)
  A troll skeleton (Crypt:1)
  29 killer bees
  6 elephant simulacra (IceCv)
  2 howler monkeys
  2 electric eels
  2 jellies
  A lava snake (D:14)
  35 orc priests
  2 gnoll boudas
  9 hounds
  An iron imp (Crypt:3)
  A sleepcap (D:4)
  Jessica (D:2)
  Terence (D:2)
  2 iguanas
  20 orc wizards
  5 polar bear simulacra (IceCv)
  4 wolf simulacra (IceCv)
  Robin (D:2)
  A howler monkey zombie (Crypt:3)
  14 gnolls
  13 adders
  6 naga simulacra
  6 river rats
  2 shadow imps (D:6)
  2 white imps
  An ufetubus (D:4)
  5 worms
  5 dart slugs
  105 orcs
  4 endoplasms
  4 giant cockroaches
  11 hobgoblins
  4 jackals
  21 kobolds
  5 quokkas
  25 ball pythons
  5 bats
  5 frilled lizards
  A gnoll zombie (Crypt:2)
  10 goblins (D:2)
  A quokka zombie (Crypt:2)
  22 rats
  7 fire vortices
  5 fulminant prisms
  9 tentacles (Shoals:3)
2841 creatures vanquished.

Vanquished Creatures (collateral kills)
  Antaeus (Coc:7)
  Dispater (Dis:7)
  3 ancient liches
  A dread lich (Geh:6)
  An orb of fire (Zot:5)
  The ghost of Uneer the Black Belt, a legendary GnFE of Okawaru (Zot:1)
  A juggernaut (Dis:7)
  Mara (Vaults:5)
  The ghost of Netemen the Gnoll Aeon, a master GnFi of Cheibriados (Zot:1)
  5 shard shrikes
  A Killer Klown (Zot:5)
  7 caustic shrikes
  13 bone dragons
  2 electric golems
  A Tzitzimitl (Tar:7)
  A Brimstone Fiend (Geh:7)
  5 doom hounds
  4 iron giants
  8 hellephants
  2 Ice Fiends
  2 spectral shard shrikes (Tar:4)
  5 Hell Sentinels
  Jorgrun (Snake:2)
  5 Orb Guardians (Zot:5)
  6 tentacled monstrosities
  A deep elf blademaster (Elf:2)
  3 tainted leviathans
  A lich (Vaults:3)
  2 krakens (Shoals:3)
  3 titans
  2 quicksilver dragons
  2 searing wretches
  6 acid blobs
  2 sphinxes
  4 storm dragons
  4 ancient champions
  Agnes (Elf:1)
  4 shadow dragons
  5 narguns
  A draconian monk (Zot:2)
  3 tengu reavers
  A daeva (Depths:4)
  8 fire giants
  2 rockslimes (Slime:5)
  3 nagarajas
  2 quicksilver elementals
  2 azure jellies
  A deep elf sorcerer (Elf:3)
  3 frost giants
  9 balrugs
  3 iron dragons
  An orc warlord (Vaults:1)
  A caustic shrike zombie (Tar:7)
  3 spectral caustic shrikes
  8 vault wardens
  3 shard shrike simulacra
  A deep elf elementalist (Elf:3)
  2 ironbound preservers
  8 very ugly things
  2 juggernaut skeletons
  4 war gargoyles
  3 ironbound thunderhulks
  7 stone giants
  5 elemental wellsprings
  2 reapers
  4 dire elephants
  A yellow draconian (Zot:3)
  2 deep elf annihilators
  A black draconian (Zot:1)
  5 putrid mouths
  3 white draconians
  The ghost of unlimited1921 the Eclecticist, a journeyman DjFE of Ashenzari (Snake:2)
  A deep elf demonologist (Vaults:5)
  4 purple draconians
  A green draconian (Zot:3)
  2 red draconians
  7 wendigos
  2 deep elf death magi (Elf:3)
  A blizzard demon (Hell)
  5 iron golems
  A merfolk javelineer (Shoals:2)
  A spectral quicksilver dragon (Tar:4)
  3 fire dragons
  2 merfolk impalers
  2 ettins
  9 salamander tyrants
  Josephine (Shoals:1)
  2 vault guards
  An entropy weaver (Vaults:4)
  A hell beast (Dis:2)
  6 great orbs of eyes
  A rakshasa (Depths:1)
  A yaktaur captain (Vaults:1)
  A demonspawn (Orc:2)
  A peacekeeper (Vaults:3)
  A spriggan skeleton (Crypt:3)
  2 caustic shrike simulacra
  3 merfolk avatars
  An ogre mage (Vaults:5)
  2 centaur warriors
  3 stokers
  An ironbound frostheart (Vaults:1)
  4 hydras
  3 juggernaut simulacra
  An anaconda (shapeshifter) (D:11)
  2 alligators
  14 dancing weapons
  3 alligator snapping turtles (Snake:2)
  3 anacondas
  3 boulder beetles
  4 death yaks
  2 satyrs (Shoals:3)
  A tengu warrior (Depths:2)
  A vampire mage (Crypt:3)
  6 naga warriors
  4 shock serpents
  A spectral dire elephant (Tar:1)
  16 hell hogs
  3 naga sharpshooters
  2 soul eaters
  2 sun demons (Hell)
  10 deep elf knights
  A titan skeleton (Vaults:3)
  2 goliath frogs
  2 skysharks (Shoals:2)
  13 skeletal warriors
  2 shadow wraiths (Tar:7)
  A spectral anaconda (Tar:4)
  4 crystal echidnas
  A salamander mystic (Snake:4)
  4 naga ritualists (Snake:4)
  A glowing orange brain (Slime:3)
  An iron giant zombie (Crypt:2)
  6 sea snakes
  6 deep elf archers
  6 deep trolls
  3 quicksilver dragon simulacra
  2 spriggan simulacra
  A shadow demon (Dis:2)
  A bunyip skeleton (Crypt:3)
  3 swamp dragons (Snake:1)
  An iron giant skeleton (Tar:7)
  8 ironbound convokers
  6 harpies
  6 deep elf zephyrmancers
  4 orc knights
  A phantasmal warrior (Vaults:5)
  15 deep elf pyromancers
  A necromancer (Crypt:3)
  6 ugly things
  4 manticores
  A wolf spider (shapeshifter) (D:11)
  2 fauns
  A human zombie (Vaults:3)
  An iron dragon zombie (Coc:2)
  6 mana vipers
  7 salamanders
  2 moths of wrath
  A spectral ettin (Tar:3)
  2 stone giant skeletons (Crypt:3)
  3 cyclopes
  7 merfolk sirens
  3 elephants (Lair:3)
  13 black mambas
  A shock serpent zombie (Crypt:3)
  4 rust devils
  8 naga magi
  A cane toad (Lair:2)
  3 vault sentinels
  4 guardian serpents (Snake:2)
  3 molten gargoyles (Geh:7)
  A black draconian zombie (Crypt:1)
  A komodo dragon (Lair:3)
  3 yaktaurs
  2 anaconda simulacra
  An iron giant simulacrum (Coc:5)
  3 freezing wraiths
  3 ice devils
  4 tormentors
  A yellow draconian skeleton (Crypt:1)
  A tengu conjurer (Depths:4)
  A red devil (Orc:2)
  14 merfolk
  A silent spectre (Tar:3)
  3 wind drakes
  A hydra zombie (Coc:2)
  A troll (D:13)
  4 blink frogs
  4 snapping turtles
  3 dream sheep (Lair:5)
  An iron dragon simulacrum (Coc:5)
  28 slime creatures
  2 flying skulls (Crypt:3)
  A shadow (D:12)
  A dire elephant simulacrum (Coc:7)
  11 yaks
  A fire dragon skeleton (Crypt:1)
  4 wraiths
  A steam dragon (Shoals:1)
  A fire elemental (Elf:2)
  5 water elementals
  A golden eye (Slime:3)
  A redback (Vaults:4)
  A vampire mosquito (Snake:1)
  A death yak simulacrum (IceCv)
  A warg (Orc:1)
  22 nagas
  9 harpy simulacra
  A water moccasin (Lair:5)
  A hydra simulacrum (Coc:7)
  A deep troll skeleton (Crypt:3)
  2 ettin simulacra (Coc:6)
  6 orc warriors
  A black bear (D:6)
  A hornet zombie (Crypt:2)
  An ice beast (D:7)
  A manticore skeleton (Crypt:3)
  3 ogres
  A wolf (Lair:5)
  3 boggarts
  2 centaurs
  A bullfrog (shapeshifter) (D:15)
  2 bullfrogs
  A komodo dragon zombie (Crypt:1)
  A vine stalker zombie (Crypt:3)
  A scorpion (D:6)
  A two-headed ogre simulacrum (IceCv)
  An earth elemental (Elf:2)
  2 killer bees
  A jelly (D:5)
  A hound (D:6)
  5 orc priests
  4 iron imps (Crypt:3)
  An iguana (D:5)
  4 orc wizards
  A troll simulacrum (IceCv)
  3 gnolls
  A naga simulacrum (IceCv)
  A river rat (Sewer)
  An adder (Sewer)
  A shadow imp (D:5)
  A white imp (D:7)
  An ufetubus (D:6)
  16 orcs
  A ball python (D:5)
  3 creeping infernos
  26 fire vortices
  2 tentacles (Shoals:3)
815 creatures vanquished.

Vanquished Creatures (others)
  Asterion (Depths:2)
  A deep elf master archer (Elf:3)
  A shard shrike simulacrum (Coc:7)
  A yaktaur captain (Vaults:4)
  A salamander tyrant (Snake:4)
  A vault sentinel (Vaults:4)
  A yaktaur (Vaults:1)
  An anaconda simulacrum (Coc:7)
  An iron giant simulacrum (Coc:7)
  3 humans (D:13)
  A harpy simulacrum (Coc:7)
  A naga simulacrum (Coc:4)
  21 knights
  An ancestor (D:5)
  A creeping inferno (Geh:7)
  9 fire vortices
  355 fulminant prisms
  14 tentacles (Shoals:3)
415 creatures vanquished.

Grand Total: 4071 creatures vanquished

Notes
Turn   | Place    | Note
-------+----------+-------------------------------------------
     0 | D:1      | joshe the Deep Elf Conjurer began the quest for the Orb.
     0 | D:1      | Reached XP level 1. HP: 10/10 MP: 6/6
   335 | D:1      | Reached XP level 2. HP: 15/15 MP: 6/8
   338 | D:1      | Learned a level 2 spell: Searing Ray
   543 | D:1      | Reached skill level 5 in Conjurations
  1258 | D:2      | Noticed Jessica
  1263 | D:2      | Killed Jessica
  1264 | D:2      | Reached XP level 3. HP: 19/19 MP: 6/11
  1267 | D:2      | Noticed Terence
  1635 | D:2      | Reached skill level 5 in Spellcasting
  1710 | D:2      | Killed Terence
  1711 | D:2      | Reached skill level 1 in Fighting
  1711 | D:2      | Reached XP level 4. HP: 6/25 MP: 3/13
  1998 | D:2      | Found a shadowy altar of Dithmenos.
  2239 | D:2      | Noticed Robin
  2342 | D:2      | Learned a level 4 spell: Fulminant Prism
  2491 | D:2      | Killed Robin
  2492 | D:2      | Reached skill level 1 in Hexes
  2817 | D:3      | Found a radiant altar of Vehumet.
  2871 | D:3      | Found Noujehen's Book Shoppe.
  2900 | D:3      | Reached XP level 5. HP: 29/29 MP: 4/14
  3038 | D:3      | Noticed a black bear
  3061 | D:3      | Found Qetia's Jewellery Shoppe.
  3095 | D:3      | Found Jokhluy's Armour Shoppe.
  3325 | D:3      | Found Vemaemp's Jewellery Shoppe.
  3363 | D:3      | HP: 1/29 [orc priest/divine providence (16)]
  3530 | D:3      | Killed a black bear
  3531 | D:3      | Reached skill level 5 in Hexes
  3531 | D:3      | Reached XP level 6. HP: 35/35 MP: 6/16
  3967 | D:3      | Found Otsonequ's Antique Armour Boutique.
  4171 | D:4      | Found a runed translucent door.
  4174 | D:4      | Found Deti Piv's Tiny Tomes.
  4177 | D:4      | Noticed Twinkles's ghost (novice DjHs)
  4300 | D:4      | Found a staircase to the Ecumenical Temple.
  4311 | Temple   | Entered the Ecumenical Temple
  4518 | Temple   | Became a worshipper of Hepliaklqana the Forgotten
  4756 | D:4      | Noticed Edmund
  4781 | D:4      | Killed Edmund
  4782 | D:4      | Reached XP level 7. HP: 40/40 MP: 4/18
  4787 | D:4      | Learned a level 4 spell: Iskenderun's Mystic Blast
  5341 | D:4      | Found a runed translucent door.
  5513 | D:4      | Got the Parchment of the Legion and Virulence
  5577 | D:4      | Reached skill level 1 in Translocations
  5683 | D:3      | Bought a glowing hat for 133 gold pieces
  5873 | D:5      | Entered Level 5 of the Dungeon
  5873 | D:5      | Reached * piety under Hepliaklqana
  6418 | D:5      | Found an ancient bone altar of Kikubaaqudgha.
  6449 | D:5      | Reached skill level 1 in Invocations
  6449 | D:5      | Reached XP level 8. HP: 39/39 MP: 4/20
  6999 | D:5      | Found Hidoeg's Serpentskin Sales.
  7591 | D:6      | Reached ** piety under Hepliaklqana
  7592 | D:6      | Remembered your ancestor Khalidah as a knight
  7649 | D:6      | Found a glowing drain.
  7653 | Sewer    | Entered a sewer
  8131 | Sewer    | Reached skill level 10 in Spellcasting
  8534 | D:6      | Noticed a troll
  8541 | D:6      | Killed a troll
  8542 | D:6      | Reached XP level 9. HP: 43/43 MP: 17/26
  9485 | D:7      | Reached skill level 1 in Evocations
  9808 | D:7      | Reached skill level 5 in Dodging
  9992 | D:4      | Bought the Almanac of Talus for 140 gold pieces
  9999 | D:4      | Learned a level 6 spell: Iron Shot
 10041 | D:4      | Killed Twinkles's ghost
 10042 | D:4      | Reached skill level 1 in Earth Magic
 10048 | D:4      | Identified the ring "Fenead Idatt" {rF+ Dex+3}
 10399 | D:8      | Reached XP level 10. HP: 47/47 MP: 20/28
 10467 | D:8      | Reached *** piety under Hepliaklqana
 10748 | D:8      | Found a broken altar of Ashenzari.
 11157 | D:8      | Reached skill level 5 in Earth Magic
 11370 | D:3      | Bought a +2 pair of gloves of dexterity for 258 gold pieces
 12123 | D:9      | Noticed Esekla's ghost (novice FoRe)
 12125 | D:9      | Found a runed translucent door.
 12175 | D:9      | Reached **** piety under Hepliaklqana
 12907 | D:9      | Killed Esekla's ghost
 13078 | D:4      | Bought Urevear's Compendium of Arson for 120 gold pieces
 13078 | D:4      | Bought the Monograph on Toxins for 60 gold pieces
 13084 | D:4      | Learned a level 5 spell: Fireball
 13087 | D:4      | Learned a level 2 spell: Poisonous Vapours
 13196 | D:10     | Entered Level 10 of the Dungeon
 13253 | D:10     | Noticed a cyan ugly thing
 13257 | D:10     | Reached skill level 1 in Fire Magic
 13257 | D:10     | Reached XP level 11. HP: 51/51 MP: 26/31
 13258 | D:10     | Found a large runed translucent door.
 13258 | D:10     | Found a large runed translucent door.
 13258 | D:10     | Noticed a deep elf pyromancer
 13261 | D:10     | Noticed a centaur warrior
 13262 | D:10     | Killed a cyan ugly thing
 13475 | D:10     | Identified the +8 trident "Death Rattle" {venom, Will+
                  | Dex+2}
 13805 | D:10     | Reached skill level 5 in Fire Magic
 13928 | D:10     | Found a large runed translucent door.
 13928 | D:10     | Found a large runed translucent door.
 14056 | D:10     | Noticed a boulder beetle
 14117 | D:10     | Noticed a centaur warrior
 14124 | D:10     | Killed a centaur warrior
 14135 | D:10     | Killed a boulder beetle
 14136 | D:10     | Reached skill level 1 in Air Magic
 14136 | D:10     | Reached skill level 1 in Poison Magic
 14390 | D:11     | Noticed a boulder beetle
 14402 | D:11     | Killed a boulder beetle
 14405 | D:11     | Noticed a boulder beetle
 14411 | D:11     | Killed a boulder beetle
 15215 | D:11     | Reached skill level 15 in Spellcasting
 15445 | D:11     | Noticed a white ugly thing
 15457 | D:11     | Killed a white ugly thing
 15461 | D:11     | Noticed an orc knight
 15470 | D:11     | Killed an orc knight
 15477 | D:11     | Noticed a two-headed ogre
 15488 | D:11     | Killed a two-headed ogre
 15489 | D:11     | Reached XP level 12. HP: 55/55 MP: 2/33
 16232 | D:11     | Noticed a boulder beetle
 16243 | D:11     | Killed a boulder beetle
 16500 | D:11     | Noticed a boulder beetle
 16511 | D:11     | Killed a boulder beetle
 16583 | D:11     | a merfolk changed into an anaconda
 16583 | D:11     | Noticed an anaconda (glowing shapeshifter)
 16584 | D:11     | Noticed a tengu warrior
 16584 | D:11     | Killed an anaconda
 16585 | D:11     | Reached skill level 10 in Conjurations
 16588 | D:11     | Killed a tengu warrior
 16702 | D:11     | Reached skill level 1 in Shields
 16830 | D:11     | Noticed a two-headed ogre
 16834 | D:11     | Killed a two-headed ogre
 16834 | D:11     | Noticed a rakshasa
 16835 | D:11     | Reached skill level 10 in Earth Magic
 16840 | D:11     | Killed a rakshasa
 17003 | D:11     | Found a staircase to the Lair.
 17188 | D:11     | Noticed a deep troll earth mage
 17193 | D:11     | Killed a deep troll earth mage
 17359 | D:11     | Reached XP level 13. HP: 59/59 MP: 33/36
 18722 | D:12     | Found a staircase to the Orcish Mines.
 18832 | D:12     | Found the +7 staff of the Meek {protect, meekguard}
 18957 | D:12     | Reached ***** piety under Hepliaklqana
 19398 | Lair:1   | Entered Level 1 of the Lair of Beasts
 20189 | Lair:1   | Reached skill level 5 in Shields
 21211 | Lair:2   | Reached skill level 5 in Invocations
 21220 | Lair:2   | Noticed Harold
 21442 | Lair:2   | Reached XP level 14. HP: 50/64 MP: 26/37
 21454 | Lair:2   | Killed Harold
 21463 | Lair:2   | Noticed Gastronok
 21548 | Lair:2   | Killed Gastronok
 21763 | D:3      | Bought the +0 buckler "Ulic" {rElec rF+ Int+2} for 356 gold
                  | pieces
 22054 | Lair:2   | Found a staircase to the Shoals.
 22970 | Lair:3   | Found a staircase to the Snake Pit.
 23371 | Lair:3   | Learned a level 6 spell: Statue Form
 23409 | Lair:3   | Reached skill level 1 in Transmutations
 23769 | Lair:3   | Got the Collected Works on Charms
 24323 | Lair:4   | Reached skill level 5 in Transmutations
 24338 | Lair:4   | Found a frozen archway.
 24363 | IceCv    | Entered an ice cave
 24852 | IceCv    | Found an ancient bone altar of Kikubaaqudgha.
 24929 | IceCv    | Reached skill level 10 in Fire Magic
 24959 | IceCv    | Reached XP level 15. HP: 68/68 MP: 39/39
 25337 | Lair:4   | Identified 2 scrolls of acquirement
 25524 | Lair:4   | Reached ****** piety under Hepliaklqana
 25554 | Lair:4   | Learned a level 7 spell: Spellforged Servitor
 25748 | Lair:4   | Reached skill level 1 in Summonings
 26122 | Lair:5   | Entered Level 5 of the Lair of Beasts
 26427 | Lair:5   | Reached skill level 5 in Summonings
 26486 | Lair:5   | Found a dark tunnel.
 26531 | Lair:5   | Found a staircase to the Slime Pits.
 26531 | Lair:5   | Found a viscous altar of Jiyva.
 26541 | Volcano  | Entered a volcano
 27550 | Lair:5   | Reached skill level 10 in Summonings
 27864 | Lair:5   | Found the +7 lajatang of Order {silver, rMut}
 28230 | Orc:1    | Entered Level 1 of the Orcish Mines
 28720 | D:3      | Bought the +3 warlock's mirror {omnireflect} for 760 gold
                  | pieces
 28720 | D:3      | Found the +3 warlock's mirror {omnireflect}
 28931 | Orc:2    | Entered Level 2 of the Orcish Mines
 29000 | Orc:2    | Found a staircase to the Elven Halls.
 29498 | Orc:2    | Found Bogurun's General Store.
 29502 | Orc:2    | Found Lathunock's Magic Scroll Boutique.
 29753 | Orc:2    | Found a shimmering altar of Xom.
 29898 | Orc:2    | Reached XP level 16. HP: 72/72 MP: 40/40
 30303 | Orc:2    | Found Gotuthuh's Antique Weapon Shoppe.
 30303 | Orc:2    | Found Ragag's Jewellery Emporium.
 30304 | Orc:2    | Found a one-way gate leading to the halls of Pandemonium.
 30825 | Snake:1  | Entered Level 1 of the Snake Pit
 30920 | Snake:1  | Noticed a thorn hunter
 30922 | Snake:1  | Killed a thorn hunter
 30923 | Snake:1  | Noticed a thorn hunter
 30926 | Snake:1  | Killed a thorn hunter
 31518 | Snake:1  | Got Sif Muna's Precepts of Radiant Algor
 31832 | Snake:1  | Found a runed translucent door.
 31848 | Snake:1  | Noticed greynaab's ghost (adept AtEE)
 32316 | Snake:1  | Killed greynaab's ghost
 32632 | Snake:2  | Noticed Jorgrun
 32649 | Snake:2  | Killed Jorgrun
 32749 | Snake:2  | Noticed Aizul
 32754 | Snake:2  | Killed Aizul
 32893 | Snake:2  | Noticed gdog's ghost (adept GnDe)
 32894 | Snake:2  | Found a runed translucent gate.
 32896 | Snake:2  | Noticed unlimited1921's ghost (journeyman DjFE)
 32901 | Snake:2  | Found a runed translucent gate.
 32902 | Snake:2  | Found a runed translucent gate.
 32928 | Snake:2  | Killed unlimited1921's ghost
 32931 | Snake:2  | Killed gdog's ghost
 33113 | Snake:2  | Reached XP level 17. HP: 75/75 MP: 18/43
 34798 | Snake:4  | Entered Level 4 of the Snake Pit
 35782 | Snake:4  | Reached skill level 15 in Conjurations
 35782 | Snake:4  | Reached skill level 15 in Fire Magic
 35967 | Snake:4  | Got a serpentine rune of Zot
 36201 | Shoals:1 | Entered Level 1 of the Shoals
 36282 | Shoals:1 | Noticed a kraken
 36287 | Shoals:1 | Killed a kraken
 36361 | Shoals:1 | You fall into a shaft and drop 1 floor!
 36361 | Shoals:2 | Noticed Ilsuiw
 36379 | Shoals:2 | Killed Ilsuiw
 36570 | Shoals:1 | Noticed Josephine
 36572 | Shoals:1 | Killed Josephine
 36583 | Shoals:1 | Reached XP level 18. HP: 78/80 MP: 18/46
 37228 | D:3      | Bought an Everburning Encyclopedia for 504 gold pieces
 37237 | D:3      | Learned a level 8 spell: Ignition
 37675 | Shoals:2 | Found Cuacuuka's CLEARANCE SALE!.
 37690 | Shoals:2 | Noticed Polyphemus
 37696 | Shoals:2 | Killed Polyphemus
 38553 | Shoals:3 | Identified the ring "Ysoffi" {MP+9 Int+3}
 38983 | Shoals:3 | Found Qikecker's Jewellery Shoppe.
 39047 | Shoals:3 | Found an opulent altar of Gozag.
 39297 | Shoals:4 | Entered Level 4 of the Shoals
 39297 | Shoals:4 | Identified Roxanne's Meditations on the Caves
 39297 | Shoals:4 | Noticed Roxanne
 39305 | Shoals:4 | Killed Roxanne
 39696 | Shoals:4 | Identified the staff of conjuration "Noted" {rElec Dex+3}
 39755 | Shoals:4 | Got a barnacled rune of Zot
 40381 | D:13     | Found Ceur's Armour Shoppe.
 40397 | D:13     | Reached XP level 19. HP: 83/83 MP: 49/49
 40446 | D:13     | Reached XP level 20. HP: 88/88 MP: 50/50
 40513 | D:13     | Noticed Lodul
 40516 | D:13     | Killed Lodul
 40526 | D:13     | Noticed Kirke
 40531 | D:13     | Killed Kirke
 40979 | D:3      | Bought a manual of Armour for 1120 gold pieces
 41305 | D:14     | Reached skill level 1 in Armour
 41505 | D:14     | Found a gate to the Vaults.
 42022 | D:14     | Found a hazy altar of Hepliaklqana.
 42394 | D:3      | Bought a book of Armaments for 504 gold pieces
 42601 | D:15     | Entered Level 15 of the Dungeon
 42685 | D:15     | Learned a level 8 spell: Lehudib's Crystal Spear
 43237 | D:15     | Found a staircase to the Depths.
 43547 | Elf:1    | Entered Level 1 of the Elven Halls
 43556 | Elf:1    | Noticed Agnes
 43559 | Elf:1    | Killed Agnes
 43782 | Elf:1    | Reached skill level 5 in Armour
 44142 | Elf:1    | Reached skill level 15 in Earth Magic
 44623 | Elf:1    | Learned a level 5 spell: Lee's Rapid Deconstruction
 44699 | Elf:1    | Upgraded the game from 0.30.0-18-gc0e69614cb to
                  | 0.30.0-19-g36f170ea60
 44727 | Elf:2    | Paralysed by an air elemental for 1 turns
 44826 | Elf:2    | Found the +8 demon blade "Leech" {evervamp, Harm Drain rN+}
 45158 | Elf:2    | Found a runed translucent gate.
 45159 | Elf:2    | Found a runed translucent gate.
 45159 | Elf:2    | Found a runed translucent gate.
 45821 | Elf:2    | Reached XP level 21. HP: 92/92 MP: 35/51
 46124 | Elf:3    | Entered Level 3 of the Elven Halls
 46153 | Elf:3    | Found Rilafyeph's Jewellery Shop.
 46824 | Elf:3    | Identified the +5 dagger of Xom's Grace {freeze, rElec rC+
                  | Int+3}
 46829 | Elf:3    | Identified the +9 mace of the Histrionic God {flame, rF+
                  | Int+3}
 46838 | Elf:3    | Identified the staff of fire "Zoutt" {rF+ Will+}
 47008 | Elf:3    | Identified the +4 spear "Anwioc" {drain, rElec MP+9 SInv}
 47026 | Elf:3    | Identified the staff of poison "Feopran" {rPois Will+ rCorr
                  | Str-4}
 47035 | Elf:3    | Identified the +3 spear of the Dead {flame, Drain rF++
                  | Will+ SInv}
 47035 | Elf:3    | Identified the +0 robe "Ygoatzar" {Int+5}
 47118 | Elf:3    | Reached skill level 10 in Invocations
 47284 | Elf:3    | Identified the staff of death "Luefinn" {rN+ Dex+2 SInv}
 47285 | Elf:3    | Identified the staff of death "Lewkouh Nykh" {+Blink rN+
                  | Will- rCorr MP+9}
 47307 | Elf:3    | Identified the staff of cold "Komameil" {Drain rC+ rN+++
                  | Int+4}
 47563 | Elf:3    | Acquired 848 gold pieces
 47567 | Elf:3    | Acquired 464 gold pieces
 47571 | Elf:3    | Acquired 800 gold pieces
 47917 | Shoals:3 | Bought the ring "Konamp" {MP+9 Int+5} for 525 gold pieces
 48646 | Slime:1  | Entered Level 1 of the Pits of Slime
 49936 | Slime:2  | You fall into a shaft and drop 2 floors!
 50260 | Slime:2  | Gained mutation: You occasionally lose the ability to drink
                  | potions when taking damage. [a shining eye]
 50263 | Slime:2  | Lost mutation: You occasionally lose the ability to drink
                  | potions when taking damage. [potion of mutation]
 50263 | Slime:2  | Gained mutation: Your magical capacity is low. (-10% MP)
                  | [potion of mutation]
 50605 | Slime:5  | Entered Level 5 of the Pits of Slime
 50631 | Slime:5  | Reached XP level 22. HP: 100/100 MP: 47/47
 50721 | Slime:5  | Noticed the Royal Jelly
 50725 | Slime:5  | Killed the Royal Jelly
 50726 | Slime:5  | Reached skill level 10 in Armour
 50876 | Slime:5  | Identified the +0 ring mail "Edghuzokh" {rF+ rC++}
 50906 | Slime:5  | Identified the +0 sling of Zin's Scorn {freeze, Fly rF+
                  | Stlth+}
 50930 | Slime:5  | Identified the +1 leather armour of Kauschau {Harm}
 50941 | Slime:5  | Identified the ring "Ogewe" {rN+ Dex+2}
 50950 | Slime:5  | Got a slimy rune of Zot
 50953 | Slime:5  | Identified the ring "Wasmuame" {rElec rN+ Will+}
 51601 | Vaults:1 | Entered Level 1 of the Vaults
 51649 | Vaults:1 | Reached skill level 10 in Dodging
 53951 | Vaults:3 | Found a transporter.
 53951 | Vaults:3 | Noticed garrulousMonolith's ghost (veteran GnFi)
 53997 | Vaults:3 | Found a transporter.
 54314 | Vaults:3 | Found Boemau's Jewellery Shoppe.
 54376 | Vaults:3 | Acquired the +3 Elemental Staff {rElec rF+ rC+ AC+3}
 54376 | Vaults:3 | Found the +3 Elemental Staff {rElec rF+ rC+ AC+3}
 54582 | Vaults:3 | Reached XP level 23. HP: 93/104 MP: 42/48
 55129 | Vaults:3 | Found a staircase to the Crypt.
 55336 | Vaults:4 | Identified the +5 falchion "Quex" {vamp, Stlth+}
 55921 | Vaults:4 | Noticed Saint Roka
 55925 | Vaults:4 | Killed Saint Roka
 56786 | Vaults:5 | Entered Level 5 of the Vaults
 56786 | Vaults:5 | Noticed Mennas
 56788 | Vaults:5 | Reached skill level 27 in Fire Magic
 56795 | Vaults:5 | Killed Mennas
 56823 | Vaults:5 | Reached XP level 24. HP: 108/108 MP: 0/48
 56829 | Vaults:5 | Noticed Frederick
 56832 | Vaults:5 | Noticed Mara
 56931 | Vaults:5 | Killed Frederick
 56931 | Vaults:5 | Noticed joshe's illusion
 57279 | Vaults:5 | Killed Mara
 57568 | Vaults:5 | Noticed an ancient lich
 57840 | Vaults:5 | Killed an ancient lich
 57992 | Vaults:5 | Reached XP level 25. HP: 113/113 MP: 49/49
 58005 | Vaults:5 | Identified the ring "Waluro Pona" {rElec rC+ rCorr Str-3}
 58011 | Vaults:5 | Identified the staff of cold "Ikesuar" {rElec rPois rC+
                  | Str+3 Int+3}
 58014 | Vaults:5 | Noticed a dread lich
 58018 | Vaults:5 | Killed a dread lich
 58566 | Vaults:5 | Identified the +4 shortbow "Qaapt" {antimagic, Stlth+}
 59065 | Vaults:5 | Found the +8 whip "Snakebite" {venom, curare, rPois}
 59078 | Vaults:5 | Got Hulol's Grimoire of the Windy Wyrd
 59084 | Vaults:5 | Got the Enchiridion on the Massed Chill
 59094 | Vaults:5 | Identified the +0 ring mail "Hero's Friend" {Rampage rElec
                  | rC- Dex-4}
 59097 | Vaults:5 | Got a silver rune of Zot
 59110 | Vaults:5 | Identified the staff of death "Gegaj" {rN+ Will+ Int+3}
 59267 | Crypt:1  | Entered Level 1 of the Crypt
 59373 | Crypt:1  | Reached skill level 27 in Spellcasting
 61109 | Crypt:3  | Entered Level 3 of the Crypt
 61232 | Crypt:3  | Found a basalt altar of Yredelemnul.
 61334 | Crypt:3  | Reached XP level 26. HP: 117/117 MP: 50/50
 61627 | Crypt:3  | Noticed a dread lich
 61635 | Crypt:3  | Killed a dread lich
 61907 | Crypt:3  | Found a corrupted altar of Lugonu.
 62032 | Crypt:3  | Found a staircase to the Tomb.
 62178 | Crypt:3  | Found the amulet of Vitality {RegenMP++ Regen++}
 62275 | Crypt:3  | Identified the ring "Cagogrel" {rElec rN+}
 62275 | Crypt:3  | Identified the ring "Rykerief" {rPois rN+ rCorr}
 62275 | Crypt:3  | Identified the ring "Jarodaury" {rC+ rN+ rCorr Dex+3
                  | Stlth+}
 62427 | Crypt:3  | Identified the +0 rapier "Nafep" {drain, Fragile rElec
                  | Str+6}
 62918 | Depths:1 | Entered Level 1 of the Depths
 63112 | Depths:1 | Found a glowing golden altar of the Shining One.
 63112 | Depths:1 | Found a white marble altar of Elyvilon.
 63112 | Depths:1 | Found a glowing silver altar of Zin.
 63252 | Depths:1 | Noticed Louise
 63254 | Depths:1 | Killed Louise
 63265 | Depths:1 | Found a one-way gate to the infinite horrors of the Abyss.
 63665 | Depths:1 | Found a gateway to Hell.
 63931 | Depths:2 | Identified the +7 sling of the Slashing Gods {drain, rN+
                  | rCorr}
 63933 | Depths:2 | Noticed Asterion
 63941 | Depths:2 | Killed Asterion
 64220 | Depths:2 | Identified the staff of cold "Dagemmom" {rC+ rN++}
 64225 | Depths:2 | Identified the +1 battleaxe of the Destroying Seer {flame,
                  | Int+2}
 64226 | Depths:2 | Identified the +1 arbalest of Nabboeq {flame, rElec rPois
                  | Str-4 Dex+4}
 64242 | Depths:2 | Identified the staff of death "Wukime" {rN+ Dex+3}
 64247 | Depths:2 | Identified the +6 rapier of Siupties {speed, rElec rC-
                  | Dex+3 SInv}
 64481 | Depths:2 | Identified the +2 robe "Pourigi" {rElec rF+ Str+3}
 64559 | Depths:2 | Reached skill level 5 in Fighting
 64915 | Depths:2 | Reached skill level 15 in Dodging
 65623 | D:3      | Bought the Anthology of Charred Vapour for 560 gold pieces
 65630 | D:3      | Learned a level 6 spell: Plasma Beam
 65640 | D:3      | Learned a level 9 spell: Fire Storm
 65643 | D:3      | Learned a level 2 spell: Sublimation of Blood
 65997 | Depths:3 | Identified the +8 dagger of the Sixty-Six Yaks {flame,
                  | Fragile rF++ Dex+3}
 66034 | Depths:3 | Reached XP level 27. HP: 113/126 MP: 50/50
 66084 | Depths:3 | Found a corrupted altar of Lugonu.
 66138 | Depths:3 | Found Itsash's Magic Scroll Boutique.
 66138 | Depths:3 | Found Qucukheo's Antique Armour Shop.
 66140 | Depths:3 | Found Ehaaleu's Book Boutique.
 66144 | Depths:3 | Found Owomek's Weapon Shop.
 66151 | Depths:3 | Bought a scroll of enchant armour for 150 gold pieces
 66151 | Depths:3 | Bought a scroll of enchant armour for 150 gold pieces
 66157 | Depths:3 | Bought a glowing orb for 276 gold pieces
 66157 | Depths:3 | Bought a dyed leather armour for 115 gold pieces
 66157 | Depths:3 | Bought an ancient robe for 131 gold pieces
 66157 | Depths:3 | Identified the +5 robe of the Lobster {MP+9} (You bought it
                  | in a shop on level 3 of the Depths)
 66285 | Depths:3 | Reached skill level 1 in Necromancy
 66446 | Depths:3 | Noticed a juggernaut
 66449 | Depths:3 | Killed a juggernaut
 66450 | Depths:3 | Reached skill level 5 in Necromancy
 66551 | Depths:3 | Found a gateway to a bazaar.
 66572 | Bazaar   | Entered a bazaar
 66592 | Bazaar   | Found Faba's Distillery.
 66597 | Bazaar   | Bought a potion of heal wounds for 75 gold pieces
 66608 | Bazaar   | Found Tysono's Weapon Emporium.
 66608 | Bazaar   | Found Nurev's Assorted Antiques.
 66613 | Bazaar   | Bought a scroll of blinking for 172 gold pieces
 66630 | Bazaar   | Found Sidex's Magic Scroll Emporium.
 66635 | Bazaar   | Bought a scroll of enchant armour for 97 gold pieces
 66635 | Bazaar   | Bought a scroll of blinking for 97 gold pieces
 66646 | Bazaar   | Found Wuklaoss's Assorted Antiques.
 66651 | Bazaar   | Bought a potion of invisibility for 232 gold pieces
 66777 | Depths:3 | Noticed a juggernaut
 66781 | Depths:3 | Killed a juggernaut
 67390 | Depths:4 | Entered Level 4 of the Depths
 67425 | Depths:4 | Found a one-way gateway to a ziggurat.
 67431 | Depths:4 | Reached skill level 5 in Evocations
 67564 | Depths:4 | Noticed a juggernaut
 67569 | Depths:4 | Killed a juggernaut
 68111 | Depths:4 | Found a gate to the Realm of Zot.
 68270 | Zot:1    | Entered Level 1 of the Realm of Zot
 68287 | Zot:1    | Noticed an orb of fire
 68294 | Zot:1    | Killed an orb of fire
 68332 | Zot:1    | Found a huge runed gate.
 68332 | Zot:1    | Found a huge runed gate.
 68333 | Zot:1    | Found a huge runed gate.
 68334 | Zot:1    | Found a huge runed gate.
 68334 | Zot:1    | Found a huge runed gate.
 68335 | Zot:1    | Found a huge runed gate.
 68335 | Zot:1    | Found a huge runed gate.
 68337 | Zot:1    | Found a huge runed gate.
 68338 | Zot:1    | Found a huge runed gate.
 68339 | Zot:1    | Found a huge runed gate.
 68343 | Zot:1    | Found a huge runed gate.
 68343 | Zot:1    | Found a huge runed gate.
 68343 | Zot:1    | Found a huge runed gate.
 68343 | Zot:1    | Found a huge runed gate.
 68343 | Zot:1    | Found a huge runed gate.
 68343 | Zot:1    | Found a huge runed gate.
 68344 | Zot:1    | Found a huge runed gate.
 68373 | Zot:1    | Found a huge runed gate.
 68373 | Zot:1    | Found a huge runed gate.
 68373 | Zot:1    | Found a huge runed gate.
 68373 | Zot:1    | Found a huge runed gate.
 68373 | Zot:1    | Found a huge runed gate.
 68373 | Zot:1    | Found a huge runed gate.
 68375 | Zot:1    | Found a huge runed gate.
 68376 | Zot:1    | Found a huge runed gate.
 68377 | Zot:1    | Found a huge runed gate.
 68441 | Zot:1    | Found a huge runed gate.
 68441 | Zot:1    | Found a huge runed gate.
 68441 | Zot:1    | Found a huge runed gate.
 68441 | Zot:1    | Found a huge runed gate.
 68441 | Zot:1    | Found a huge runed gate.
 68441 | Zot:1    | Found a huge runed gate.
 68442 | Zot:1    | Found a huge runed gate.
 68443 | Zot:1    | Found a huge runed gate.
 68445 | Zot:1    | Found a huge runed gate.
 69277 | Zot:1    | Found a huge runed gate.
 69460 | Zot:1    | Noticed Uneer's ghost (legendary GnFE)
 69460 | Zot:1    | Noticed ShutUppercut's ghost (legendary DsGl)
 69460 | Zot:1    | Noticed Flapstick's ghost (legendary HaBe)
 69460 | Zot:1    | Noticed Beclu's ghost (legendary GnSk)
 69460 | Zot:1    | Noticed Netemen's ghost (master GnFi)
 69460 | Zot:1    | Noticed Jiorhin's ghost (legendary TrBe)
 69460 | Zot:1    | Noticed Adanaf's ghost (master MiBe)
 69461 | Zot:1    | Noticed Icycared's ghost (master GrFi)
 69461 | Zot:1    | Noticed Alunk's ghost (legendary GnFi)
 69472 | Zot:1    | Killed Alunk's ghost
 69475 | Zot:1    | Killed ShutUppercut's ghost
 69476 | Zot:1    | Killed Beclu's ghost
 69528 | Zot:1    | Killed Jiorhin's ghost
 69529 | Zot:1    | Killed Uneer's ghost
 69531 | Zot:1    | Killed Flapstick's ghost
 69532 | Zot:1    | Killed Icycared's ghost
 69539 | Zot:1    | Killed Netemen's ghost
 69546 | Zot:1    | Killed Adanaf's ghost
 69560 | Zot:1    | Identified the amulet of Intercession {Reflect rElec SH+5}
 69568 | Zot:1    | Identified the +4 rapier of Responsibility {freeze, Will+
                  | Stlth+}
 69841 | Zot:2    | Noticed an orb of fire
 69847 | Zot:2    | Killed an orb of fire
 70845 | Zot:3    | Reached skill level 10 in Evocations
 71024 | Zot:3    | Reached skill level 10 in Hexes
 71984 | Zot:4    | Reached skill level 15 in Invocations
 72011 | Zot:4    | Noticed an orb of fire
 72353 | Zot:4    | Noticed Vv
 72358 | Zot:4    | Killed Vv
 72657 | Zot:4    | Killed an orb of fire
 73578 | Zot:5    | Entered Level 5 of the Realm of Zot
 73860 | Zot:5    | Noticed a dread lich
 73863 | Zot:5    | Killed a dread lich
 73863 | Zot:5    | Noticed an orb of fire
 73868 | Zot:5    | Noticed an ancient lich
 73870 | Zot:5    | Killed an orb of fire
 73870 | Zot:5    | Noticed an ancient lich
 73874 | Zot:5    | Killed an ancient lich
 73993 | Zot:5    | Noticed a dread lich
 74091 | Zot:5    | Killed an ancient lich
 74119 | Zot:5    | Noticed an ancient lich
 74122 | Zot:5    | Killed an ancient lich
 74123 | Zot:5    | Reached skill level 15 in Summonings
 74162 | Zot:5    | Killed a dread lich
 74351 | Zot:5    | Noticed an orb of fire
 74352 | Zot:5    | Noticed an orb of fire
 74365 | Zot:5    | Killed an orb of fire
 74368 | Zot:5    | Killed an orb of fire
 74371 | Zot:5    | Killed an ancient lich
 74866 | Hell     | Entered the Vestibule of Hell
 74866 | Hell     | Noticed Geryon
 74877 | Hell     | Killed Geryon
 75090 | Hell     | Found a gateway to the Iron City of Dis.
 75159 | Hell     | Found a gateway to the ashen valley of Gehenna.
 75296 | Hell     | Found a gateway to the decaying netherworld of Tartarus.
 75387 | Hell     | Found a gateway to the freezing wastes of Cocytus.
 76251 | Coc:1    | Entered Level 1 of Cocytus
 76252 | Coc:1    | Paralysed by a wendigo for 1 turns
 76263 | Coc:1    | Reached skill level 10 in Fighting
 76589 | Coc:4    | Reached skill level 10 in Shields
 76911 | Coc:6    | Lost strength.
 77023 | Coc:7    | Entered Level 7 of Cocytus
 77079 | Coc:7    | Paralysed by a wendigo for 1 turns
 77332 | Coc:2    | Noticed a dread lich
 77334 | Coc:2    | Killed a dread lich
 77386 | Coc:3    | Noticed an ancient lich
 77391 | Coc:3    | Killed an ancient lich
 78107 | Coc:7    | Paralysed by a wendigo for 1 turns
 78251 | Coc:7    | Identified the ring "Damix" {MP+9 Int+2}
 78255 | Coc:7    | Identified the +5 sling of Ohafuukon {heavy, rPois}
 78780 | Coc:7    | Noticed Antaeus
 78790 | Coc:7    | Killed Antaeus
 78806 | Coc:7    | Got an icy rune of Zot
 79953 | Geh:1    | Entered Level 1 of Gehenna
 80095 | Geh:2    | Learned a level 5 spell: Freezing Cloud
 80112 | Geh:2    | Reached skill level 1 in Ice Magic
 80433 | Geh:3    | Noticed a dread lich
 80433 | Geh:3    | Noticed a dread lich
 80442 | Geh:4    | Killed a dread lich
 80631 | Geh:5    | Reached skill level 5 in Air Magic
 80633 | Geh:5    | Reached skill level 5 in Ice Magic
 80902 | Geh:6    | Noticed a dread lich
 80902 | Geh:6    | Noticed an ancient lich
 80902 | Geh:6    | Noticed an ancient lich
 80902 | Geh:6    | Noticed a dread lich
 80902 | Geh:6    | Noticed an ancient lich
 80907 | Geh:6    | Killed an ancient lich
 80910 | Geh:6    | Killed a dread lich
 80912 | Geh:6    | Killed an ancient lich
 80914 | Geh:6    | Killed a dread lich
 80919 | Geh:6    | Noticed an ancient lich
 80923 | Geh:6    | Killed an ancient lich
 80924 | Geh:6    | Killed an ancient lich
 80925 | Geh:6    | Killed an ancient lich
 80973 | Geh:7    | Entered Level 7 of Gehenna
 81036 | Geh:7    | Noticed the Serpent of Hell
 81043 | Geh:7    | Killed the Serpent of Hell
 81467 | Geh:7    | Found the +13 sceptre of Asmodeus
 81467 | Geh:7    | Noticed Asmodeus
 81475 | Geh:7    | Killed Asmodeus
 81531 | Geh:7    | Got an obsidian rune of Zot
 81651 | Geh:7    | Identified the +10 bardiche "Wafoax" {flame, rC+ rN+ Int-2
                  | Dex+7}
 82388 | Tar:1    | Entered Level 1 of Tartarus
 83421 | Tar:6    | Reached skill level 27 in Conjurations
 83526 | Tar:7    | Entered Level 7 of Tartarus
 83545 | Tar:7    | Noticed an ancient lich
 83552 | Tar:7    | Killed an ancient lich
 83703 | Tar:7    | Got Sif Muna's Atlas of Liminal Ouranomancy
 83736 | Tar:7    | Identified the ring "Muykh" {rF+ rCorr}
 83739 | Tar:7    | Identified the +0 pair of boots "Keut" {Int+6}
 83758 | Tar:7    | Identified the staff of earth "Ogeyny" {rN+}
 84005 | Tar:7    | Noticed an ancient lich
 84012 | Tar:7    | Killed an ancient lich
 84167 | Tar:7    | Noticed an ancient lich
 84171 | Tar:7    | Killed an ancient lich
 84276 | Tar:7    | Noticed Ereshkigal
 84297 | Tar:7    | Killed Ereshkigal
 84333 | Tar:7    | Got a bone rune of Zot
 84688 | Tar:7    | Found the +4 moon troll leather armour {Spirit, Regen++
                  | MP+5}
 84692 | Tar:7    | Identified the +1 trident of Checkmate {venom, rPois Int-5
                  | Dex+7}
 84706 | Tar:7    | Identified the +0 spear of Sixzi {protect, Int+3}
 84707 | Tar:7    | Identified the amulet "Cekhlixy" {rF+ Regen+}
 84819 | Tar:7    | Identified the staff of fire "Woenyoge" {+Blink rF+ Str+2
                  | Stlth+}
 84837 | Tar:7    | Identified the +8 broad axe of the Wolf {drain, rElec Int+4
                  | Stlth+}
 84942 | Tar:7    | Identified the +0 scimitar of Todes {drain, rF+ rC+ Str+3}
 84944 | Tar:7    | Identified the +5 quarterstaff "Ytses" {flame, Str-3 Dex+5
                  | Stlth+}
 85172 | Dis:1    | Entered Level 1 of the Iron City of Dis
 85277 | Dis:2    | Reached skill level 5 in Stealth
 85368 | Dis:3    | Reached skill level 27 in Dodging
 85444 | Dis:3    | Reached skill level 10 in Necromancy
 85937 | Dis:6    | Reached skill level 10 in Stealth
 86044 | Dis:7    | Entered Level 7 of the Iron City of Dis
 86469 | Dis:7    | Noticed a juggernaut
 86475 | Dis:7    | Killed a juggernaut
 86482 | Dis:7    | Noticed a juggernaut
 86486 | Dis:7    | Killed a juggernaut
 86643 | Dis:7    | Reached skill level 15 in Evocations
 87149 | Dis:7    | Reached skill level 15 in Necromancy
 87448 | Dis:7    | Reached skill level 10 in Transmutations
 87473 | Dis:7    | Noticed a juggernaut
 87476 | Dis:7    | Killed a juggernaut
 87596 | Dis:7    | Noticed Dispater
 87610 | Dis:7    | Killed Dispater
 87655 | Dis:7    | Got an iron rune of Zot
 87656 | Dis:7    | Identified the +6 ring mail "Juef" {-Tele Regen+ Int+3
                  | Dex+3}
 87659 | Dis:7    | Got the Incunabulum of the Undead and the Gestalt
 88992 | Vaults:3 | Killed garrulousMonolith's ghost
 89008 | Vaults:3 | Identified the staff of fire "Ritzurgha" {rF+ Stlth+}
 89852 | Pan      | Entered Pandemonium
 89855 | Pan      | Killed by a reflected crystal spear
                  | ... reflected by a demonspawn warmonger

Illustrated notes

Levels and vault maps discovered:
D:1:      dpeg_arrival_rhombus, layout_loops_ring, kennysheep_doodads
D:2:      layout_basic, basic_altar, uniq_jessica, uniq_terence, uniq_robin
D:3:      minmay_evil_eye, layout_basic, mainiacjoe_overflow_cross_hatched,
          serial_shops, nicolae_shop_window_shopping, shop,
          nicolae_shop_crystal, shop, nicolae_shop_back_alley_shop
D:4:      minmay_bubble_buster, layout_basic, minmay_temple_entry_slanted,
          ebering_ghost_sewer_f, nicolae_shop_i_like_small_books_too,
          uniq_edmund
D:5:      layout_basic, general_overflow_altar, guppyfry_shop_venom
D:6:      minmay_octagon_keep, layout_basic, gup_sewer_entry_bowl
D:7:      layout_rooms
D:8:      minmay_goldmine, layout_loops_ring, ashenzari_altar_1,
          minmay_tree_intersection, hangedman_minor_gate_pass
D:9:      layout_irregular_city, hellmonk_ghost_happy_afterlife
D:10:     layout_loops_ring, minmay_hollow_rounded_squares
D:11:     nzn_winding_woodlands_huge [nzn_winding_woodlands_5x15_jagged,
          nzn_winding_woodlands_5x15_pool, nzn_winding_woodlands_5x15_cabin,
          nzn_winding_woodlands_5x15_zeroes,
          nzn_winding_woodlands_5x15_concentric,
          nzn_winding_woodlands_5x15_split_checker,
          nzn_winding_woodlands_5x15_default,
          nzn_winding_woodlands_5x15_sawtooth,
          nzn_winding_woodlands_5x15_parted,
          nzn_winding_woodlands_5x15_lazy_stream,
          nzn_winding_woodlands_center_pierced_h,
          nzn_winding_woodlands_center_lodge,
          nzn_winding_woodlands_15x15_five_gardens], layout_loops_cross,
          minivault_26, chequers_serial_rivers_micro_a
D:12:     layout_irregular_city, hiddenorc2_lemuel
D:13:     layout_rooms, serial_shops, shop, uniq_kirke, uniq_lodul
D:14:     layout_basic, erik_vaults_1, nzn_hepliaklqana_mist_gate
D:15:     hangedman_depths_entry_try_elsewhere_first, layout_loops_ring,
          glass_columns_c, minivault_23, minmay_fractal_squares_gapless_7
Temple:   nicolae_temple_bog_church
Lair:1:   layout_cave_pods
Lair:2:   layout_misc_corridors, minmay_shoals_entry_hut, uniq_harold,
          uniq_gastronok
Lair:3:   regret_index_wax_grids, layout_regular_city,
          nicolae_snake_entry_squirm
Lair:4:   layout_regular_city, portal_ice_cave_demonic_guard
Lair:5:   evilmike_catoblepas_cave, layout_gridlike, slime_entry_1,
          nicolae_volcano_entry_two_sided
Shoals:1: layout_shoals, nicolae_shoals_drake_roost, uniq_josephine
Shoals:2: layout_shoals, nicolae_shoals_seven_spires, nicolae_shop_clearance,
          uniq_polyphemus, uniq_ilsuiw
Shoals:3: nicolae_shoals_lighthouse, layout_shoals, serial_shops,
          nicolae_shop_gaudy_bauble, wheals_shoals_ruined_temple
Shoals:4: shoals_end_simple, layout_shoals, uniq_roxanne
Snake:1:  onia_ninara_swampy_vault, layout_chambers, ebering_ghost_inner_flame
Snake:2:  nicolae_aizul_guard, layout_cave_town, gammafunk_ghost_cemetery,
          nicolae_snake_herptile_family_reunion, uniq_jorgrun, uniq_aizul
Snake:3:  layout_honeycomb, minmay_snake_pond
Snake:4:  snake_pit, layout_onion_interference
Slime:1:  layout_caves
Slime:2:  layout_caves
Slime:3:  cheibrodos_slime_lost_civilization_3, layout_caves,
          cheibrodos_slime_lost_civilization_7
Slime:4:  layout_caves
Slime:5
Orc:1:    layout_diamond_mine
Orc:2:    pf_orc_diabolical, layout_diamond_mine, basic_altar
Elf:1:    minmay_elf_arrival_plus, layout_geoelf_octagon,
          hangedman_elven_crosses_minicolossus, uniq_agnes
Elf:2:    nicolae_elf_blades_crystal_corner, layout_loops_corners,
          dreamdust_deal_with_the_devil
Elf:3:    minmay_elf_hall_quartered_circle, layout_loops_corners, serial_shops,
          shop
Vaults:1: nicolae_vaults_gold_heap, hangedman_vaults_stream,
          hangedman_vaults_cutoff, hangedman_vaults_corner,
          nicolae_vaults_diagonal_hallway_8, v_misc_32,
          nicolae_vaults_heart-shaped_vault, hangedman_vaults_maws,
          nicolae_vaults_rhombus_7, vaults_room_stairs_pillars,
          nicolae_vaults_trapezoid_3, layout_vaults_omnicross
Vaults:2: hangedman_vaults_restitches, nicolae_vaults_layer_cake_slice,
          grunt_vaults_focal, nicolae_vaults_sightless_eye, vaults_room_hallway,
          nicolae_vaults_tetromino_L_2, layout_vaults_omnigrid
Vaults:3: gammafunk_ghost_mausoleum, nicolae_vaults_stepped_doors,
          vaults_mumra_hex, nicolae_vaults_oval_intersection,
          nicolae_vaults_an_arrangement, minmay_crypt_entry_simple_walls,
          nicolae_vaults_six-pack, layout_vaults_chaotic_city, serial_shops,
          nicolae_shop_advertising_works [nicolae_subvault_shop_adworks]
Vaults:4: nicolae_vaults_three_branches, ontoclasm_vaults_shout,
          ontoclasm_vaults_idyll, nicolae_vaults_diamond_2,
          hangedman_vaults_cutoff, v_misc_33, vaults_mumra_chevron_long,
          nicolae_vaults_asterisk, grunt_vaults_bifocal,
          vaults_room_ringed_pool, vaults_room_octagon, nicolae_vaults_heist,
          ontoclasm_vaults_chip, ontoclasm_vaults_twist,
          dpeg_vaults_monster_box, layout_vaults_omnibox, uniq_saint_roka
Vaults:5: serial_shops, uniq_mennas, uniq_mara, uniq_frederick
Crypt:1:  layout_gridlike, grunt_ministairs_7, chequers_big_river,
          serial_sigils_hangedman_stare, hex_tiny
Crypt:2:  layout_gridlike, grunt_megastairs_3, lemuel_elevator, uniq_josephina
Crypt:3:  church_of_pain_bobbens, layout_chaotic_city, lemuel_hellish_altar
Depths:1: kennysheep_spiral_hall, layout_cave_pools,
          chequers_serial_rivers_marsh, nicolae_abyss_entry_one_way_or_another,
          hellmouth_1, minmay_crystal_room, hallowed_hall
Depths:2: box_level_dp, hell_entry, pan_entry, uniq_asterion
Depths:3: minmay_the_grid_four_pointed_star
          [minmay_the_grid_triangle_9x9_impossible_snake,
          minmay_the_grid_triangle_9x9_corruption,
          minmay_the_grid_triangle_9x9_zippers_horizontal,
          minmay_the_grid_triangle_9x9_pentomino_pain,
          minmay_the_grid_prize_big_room], layout_gridlike,
          grunt_hell_entry_dis_old, abyss_entry_flame_altar, serial_shops,
          statue_bzr, minmay_shoptagon
Depths:4: evilmike_zot_entry_round, layout_basic, enter_ziggurat_c, abyss_entry,
          hell_entry, nicolae_ru_path_of_blood, drop_trap
Hell
Dis:1:    hangedman_dis_decor_blocks_mantle, layout_regular_city
Dis:2:    nicolae_hells_demon_pit, layout_gridville
Dis:3:    layout_subdivisions
Dis:4:    layout_subdivisions, nicolae_dis_grated_feature
Dis:5:    layout_gridville, glass_columns_a, minmay_strange_pillars
Dis:6:    layout_gridville
Dis:7:    dis_grunt_layers
Geh:1:    layout_gehenna_pools_box, nicolae_geh_single_fiery_grave,
          nicolae_geh_lava_rosette
Geh:2:    layout_gehenna_pools_box
Geh:3:    layout_gehenna_lava_caves, evilmike_ambush
          [evilmike_ambush_outer_doors, evilmike_ambush_inner_wall_1]
Geh:4:    layout_gehenna_lava_caves
Geh:5:    layout_gehenna_pools_basic
Geh:6:    layout_gehenna_pools_box, nicolae_hells_leichenhalle
Geh:7:    geh_hangedman
Coc:1:    layout_ice_bergs, serial_ice, serial_ice_g, serial_ice_b,
          serial_ice_o, serial_ice_h, serial_ice_e, serial_ice_n
Coc:2:    layout_ice_bergs, special_room [special_room_morgue]
Coc:3:    nooodl_cocytus_jagged_cave
Coc:4:    layout_ice_bergs
Coc:5:    nicolae_coc_on_the_berg
Coc:6:    layout_ice_bergs
Coc:7:    coc_dpeg
Tar:1:    layout_grid_maze
Tar:2:    layout_grid_maze
Tar:3:    layout_honeycomb
Tar:4:    layout_honeycomb, nicolae_tar_spectre_spectrum
Tar:5:    layout_grid_maze
Tar:6:    layout_honeycomb
Tar:7:    tar_old
Zot:1:    layout_cathedral_of_symmetry, gammafunk_ghost_door_vault
Zot:2:    layout_basic
Zot:3:    layout_concentric_octagons
Zot:4:    layout_basic, grunt_megastairs_2, uniq_vv
Zot:5:    layout_basic
Pan:      evilmike_mini_pan_T, layout_pan_divisions_a [pan_division_quadrant_a2,
          pan_division_quadrant_a5, pan_division_quadrant_a1,
          pan_division_quadrant_a4, pan_division_octagon_halves]

Skill      XL: |  1  2  3  4  5  6  7  8  9 10 11 12 13 14 15 16 17 18 19 20 21 22 23 24 25 26 27 |
---------------+----------------------------------------------------------------------------------+-----
Conjurations   | 5 6 7 8 10 11 12 14 15 16 17 20 27 | 27.0
Spellcasting   | 4 5 6 7 11 12 14 15 17 18 20 22 24 25 27 | 27.0
Fighting       | 1 2 4 6 10 | 10.0
Hexes          | 3 5 6 7 8 12 | 12.0
Translocations | 4 |  4.0
Invocations    | 1 4 5 8 10 11 12 20 | 20.0
Dodging        | 5 6 7 10 11 15 27 | 27.0
Evocations     | 4 16 | 16.5
Earth Magic    | 2 7 8 10 11 12 13 16 18 21 22 | 22.0
Fire Magic     | 1 7 9 10 12 14 16 18 23 27 | 27.0
Air Magic      | 2 5 |  5.0
Poison Magic   | 2 |  2.0
Shields        | 3 6 8 12 | 12.0
Transmutations | 6 10 | 10.0
Summonings     | 10 11 13 19 | 19.0
Armour         | 6 9 10 12 | 12.0
Necromancy     | 15 | 15.0
Ice Magic      | 5 |  5.0
Stealth        | 10 | 10.0

Action                     |  1- 3 |  4- 6 |  7- 9 | 10-12 | 13-15 | 16-18 | 19-21 | 22-24 | 25-27 || total
---------------------------+-------+-------+-------+-------+-------+-------+-------+-------+-------++-------
  Melee: Staff             |       |       |       |       |       |     2 |       |       |     4 ||     6
   Cast: Magic Dart        |    39 |    97 |   140 |    61 |   108 |    10 |    25 |    90 |   218 ||   788
         Searing Ray       |     8 |    15 |    46 |    25 |    30 |     5 |     2 |     2 |       ||   133
         Fulminant Prism   |       |     6 |    31 |    89 |   140 |    21 |    17 |     4 |    52 ||   360
         Iskenderun's Myst |       |       |     6 |    26 |    86 |    26 |    14 |     2 |    24 ||   184
         Fireball          |       |       |       |    50 |   268 |   116 |    55 |    39 |   194 ||   722
         Poisonous Vapours |       |       |       |    14 |     6 |     1 |       |       |       ||    21
         Iron Shot         |       |       |       |     8 |    22 |   185 |    76 |    46 |   204 ||   541
         Statue Form       |       |       |       |       |       |   101 |    57 |    25 |    10 ||   193
         Spellforged Servi |       |       |       |       |       |   111 |    75 |    66 |   287 ||   539
         Ignition          |       |       |       |       |       |    13 |    48 |    67 |   164 ||   292
         Lehudib's Crystal |       |       |       |       |       |       |    20 |    37 |   297 ||   354
         Lee's Rapid Decon |       |       |       |       |       |       |    33 |    57 |   458 ||   548
         Plasma Beam       |       |       |       |       |       |       |       |       |    68 ||    68
         Sublimation of Bl |       |       |       |       |       |       |       |       |    66 ||    66
         Freezing Cloud    |       |       |       |       |       |       |       |       |    18 ||    18
         Fire Storm        |       |       |       |       |       |       |       |       |     1 ||     1
 Invoke: Ancestor Life: Kn |       |       |     1 |       |       |       |       |       |       ||     1
         Recall Ancestor   |       |       |       |     1 |     3 |     2 |     1 |     1 |    12 ||    20
         Idealise          |       |       |       |     1 |       |       |     1 |       |    21 ||    23
Ability: End Transformatio |       |       |       |       |       |       |       |       |     3 ||     3
  Evoke: Wand              |       |       |       |     6 |     3 |     2 |       |     1 |    27 ||    39
         Phantom mirror    |       |       |       |       |       |       |       |       |     4 ||     4
    Use: Potion            |     1 |       |       |       |     3 |     3 |     2 |     7 |    33 ||    49
         Scroll            |       |       |    11 |     6 |    17 |     3 |     4 |     3 |    18 ||    62
 Armour: Robe              |     1 |       |     2 |       |     3 |       |       |     5 |    58 ||    69
         Troll leather arm |       |       |     1 |     5 |     9 |     4 |       |       |    15 ||    34
         Skin              |       |       |       |       |       |   109 |    47 |     9 |    18 ||   183
         Leather armour    |       |       |       |       |       |       |       |       |    12 ||    12
  Dodge: Dodged            |     9 |     4 |     8 |    10 |    42 |   108 |    58 |    49 |   336 ||   624
  Block: Buckler           |       |       |       |       |    13 |    79 |    33 |       |    20 ||   145
         Reflection        |       |       |       |       |     1 |    22 |    16 |       |     7 ||    46
